AoeStats
← Koti

Black Forest

510317731Analyzed
4v4 RM · 2d ago on Sep 30, 2026· 18m 17s· 8 players
Game mode
Random Map
Map size
Large (8 player)
Population
200
Speed
Normal
Resources
Standard
Victory
Conquest
Starting age
Dark Age
Ending age
Imperial Age
RankedLock teamsTeams togetherTeam positionsShared explorationLock speedFull tech treeHidden civsTurbo modeCheats
Victory
Defeat
🇨🇳 Slavs · China
1730
+11
🇯🇵 Teutons · Japan
1711
+12
🇬🇧 Poles · United Kingdom
1677
+13
🇹🇷 Maya · Türkiye
1675
+13
🇹🇷 Malians · Türkiye
1664
-13
🇫🇷 Saxons · France
1662
-14
🇨🇦 Bengalis · Canada
1601
-12
🇺🇸 Gurjaras · United States
1557
-10
顾慎为
1:33 Loom
10:14 Feudal Age
10:17 Man-at-Arms
14:28 Double-Bit Axe
19:20 Wheelbarrow
lalalalala
0:30 Loom
11:06 Feudal Age
14:43 Castle Age
13:24 Double-Bit Axe
13:39 Fishing Lines
15:39 Bow Saw
17:24 Horse Collar
Ted
1:24 Loom
11:03 Feudal Age
12:07 Double-Bit Axe
12:02 Horse Collar
17:47 Castle Age
18:31 Heavy Plow
18:42 Bow Saw
Kiyomizu-dera
11:48 Feudal Age
12:42 Double-Bit Axe
15:42 Castle Age
13:28 Horse Collar
16:37 Bow Saw
17:18 Loom
Koti
0:59 Loom
1:35 Loom
12:01 Feudal Age
18:17 Fletching
Funkyton
11:43 Feudal Age
15:55 Castle Age
14:47 Double-Bit Axe
Citizen Snips
10:47 Feudal Age
16:10 Castle Age
14:04 Double-Bit Axe
14:03 Horse Collar
15:01 Wheelbarrow
LonzoWall
0:55 Loom
9:44 Feudal Age
9:58 Man-at-Arms
14:29 Double-Bit Axe
Connection lost

Rejoining the realm…

Still unreachable

The connection could not be restored.

Session expired

The server has moved on; the page needs a fresh start.